 Dungeon Crawl Stone Soup version 0.30.1 (webtiles) character file.

Game seed: 10759199821253083939

6185 Dordric the Brawler (level 10, -3/88 HPs)
             Began as a Troll Monk on July 5, 2023.
             Was an Elder of Makhleb.
             Slain by a centaur warrior
             ... wielding a +0 spear
              (10 damage)
             ... on level 8 of the Dungeon.
             The game lasted 00:10:27 (5927 turns).

Dordric the Brawler (Troll Monk)                    Turns: 5927, Time: 00:10:27

Health: -3/88      AC:  7    Str: 23    XL:     10   Next: 60%
Magic:  9/9        EV: 15    Int:  6    God:    Makhleb [****..]
Gold:   411        SH:  0    Dex: 18    Spells: 9/9 levels left

rFire   + .          .
                       - Unarmed
rCold   + . .        c - orb {light}
rNeg    . . .        A - +0 steam dragon scales
rPois   +            p - +0 hat of Seciog {rElec Stlth+}
rElec   +            e - scarf of Card Tricks {rC+ rF+, +Inv Dex+4}
rCorr   .            (gloves unavailable)
SInv    .            (boots unavailable)
Will    .....        q - amulet of faith
Stlth   +            C - ring of poison resistance
HPRegen 1.14/turn    z - +5 ring of evasion
MPRegen 0.11/turn

%: faith
@: glowing
A: large, unfitting armour, claws 3, regeneration 1, shaggy fur 1, tough skin 1
a: Renounce Religion, Evoke Invisibility, Minor Destruction, Lesser Servant of
Makhleb, Major Destruction


You were on level 8 of the Dungeon.
You worshipped Makhleb.
Makhleb was greatly pleased with you.
You visited 1 branch of the dungeon, and saw 8 of its levels.

You collected 411 gold pieces.

Inventory:

Missiles
 x - a throwing net (quivered)
Armour
 a - a +0 robe
 c - an orb of light (worn)
 e - the scarf of Card Tricks (worn) {rC+ rF+, +Inv Dex+4}
   (You acquired it on level 7 of the Dungeon)

   Dex:       It affects your dexterity (+4).
   +Inv:      It lets you turn invisible.
 p - the +0 hat of Seciog (worn) {rElec Stlth+}
   (You acquired it on level 7 of the Dungeon)

   rElec:     It insulates you from electricity.
   Stlth:     It makes you more stealthy.
 A - +0 steam dragon scales (worn)
 H - a +0 kite shield of cold resistance
Jewellery
 q - an amulet of faith (around neck)
 v - a ring of protection from fire
 z - a +5 ring of evasion (right claw)
 C - a ring of poison resistance (left claw)
 O - a ring of ice
 Q - a ring of protection from fire
Wands
 n - a wand of flame (40)
 r - a wand of iceblast (10)
 F - a wand of digging (4)
 J - a wand of polymorph (13)
Scrolls
 f - 3 scrolls of teleportation {unknown}
 g - 2 scrolls of enchant weapon
 i - 2 scrolls of amnesia
 k - a scroll of brand weapon {unknown}
 l - 6 scrolls of fear
 t - 4 scrolls of magic mapping
 u - a scroll of silence {unknown}
 w - 2 scrolls of fog {unknown}
 y - 2 scrolls of immolation
 E - a scroll of noise {unknown}
 G - a scroll of poison {unknown}
 I - a scroll of torment {unknown}
 K - a scroll of identify
 N - a scroll of blinking {unknown}
 P - a scroll of enchant armour {unknown}
Potions
 d - a potion of lignification {unknown}
 h - 2 potions of degeneration
 j - 4 potions of curing
 m - 2 potions of attraction
 o - 3 potions of heal wounds {unknown}
 s - a potion of flight {unknown}
 B - a potion of haste {unknown}
 D - 2 potions of magic {unknown}
 L - 2 potions of brilliance {unknown}
 M - a potion of cancellation {unknown}


   Skills:
 - Level 2.4 Fighting
 - Level 2.4 Dodging
 + Level 16.0 Unarmed Combat


You had 9 spell levels left.
You didn't know any spells.
Your spell library contained the following spells:

 Spells                   Type           Power      Damage    Failure   Level
 Kiss of Death            Conj/Necr      0%         2d5       45%         1
 Magic Dart               Conj           0%         1d3       45%         1
 Summon Small Mammal      Summ           0%         N/A       45%         1
 Call Imp                 Summ           0%         N/A       58%         2
 Cigotuvi's Dreadful Rot  Necr/Pois/Air  0%         N/A       58%         2
 Static Discharge         Conj/Air       0%         2-2/arc   58%         2
 Call Canine Familiar     Summ           0%         N/A       83%         3
 Confusing Touch          Hex            0%         N/A       83%         3
 Ignite Poison            Fire/Tmut/Pois 0%         N/A       83%         3
 Mephitic Cloud           Conj/Pois/Air  0%         N/A       83%         3
 Summon Guardian Golem    Hex/Summ       0%         N/A       83%         3
 Airstrike                Air            0%         2d(0-16)  99%         4
 Dispel Undead            Necr           0%         3d6       99%         4
 Flame Wave               Conj/Fire      0%         2d4       99%         4
 Fulminant Prism          Conj/Hex       0%         3d5       99%         4
 Summon Lightning Spire   Summ/Air       0%         N/A       99%         4
 Fireball                 Conj/Fire      0%         3d3       100%        5
 Freezing Cloud           Conj/Ice/Air   0%         6-21      100%        5


Dungeon Overview and Level Annotations

Branches:
Dungeon (8/15)             Temple (0/1) D:6
   Lair: D:8-11

Altars:
Ashenzari
Dithmenos
Makhleb
Qazlal
Ru
Vehumet
Yredelemnul
Zin
The Shining One

Shops:
D:8 :


Innate Abilities, Weirdness & Mutations

You are too large for most types of armour.
You have claws for hands.
Your natural rate of healing is unusually fast.
You are covered in fur. (AC +1)
You have tough skin. (AC +1)


Message History

The centaur warrior unwields a +0 shortbow.
The centaur warrior wields a +0 spear.
The centaur warrior hits you with a +0 spear.
* * * LOW HITPOINT WARNING * * *
The centaur warrior completely misses you.
You closely miss the centaur warrior. The centaur warrior misses you.
The centaur warrior kicks you but does no damage.
You bump into the stone wall.
The centaur warrior barely misses you.
The centaur warrior kicks you but does no damage.
The centaur warrior hits you but does no damage.
The centaur warrior kicks you.
* * * LOW HITPOINT WARNING * * *
You scratch the centaur warrior.
The centaur warrior is lightly wounded.
The centaur warrior hits you with a +0 spear.
* * * LOW HITPOINT WARNING * * *
The centaur warrior barely misses you.
Things that are here:
a +2 dagger of venom; an orc corpse You claw one of the seven-headed hydra's heads off!
The six-headed hydra grows two more!
You claw the eight-headed hydra!
The eight-headed hydra is moderately wounded.
The centaur warrior barely misses you. The centaur warrior misses you.
You bump into the stone wall.
You feel less invigorated.
You feel less confused.
The centaur warrior hits you with a +0 spear!
The centaur warrior kicks you but does no damage.
The eight-headed hydra bites you.
* * * LOW HITPOINT WARNING * * *
The eight-headed hydra closely misses you.
The eight-headed hydra misses you.
The eight-headed hydra bites you but does no damage.
The eight-headed hydra bites you!
* * * LOW HITPOINT WARNING * * *
The eight-headed hydra bites you!
* * * LOW HITPOINT WARNING * * *
The eight-headed hydra barely misses you.
The eight-headed hydra completely misses you.
The centaur warrior hits you with a +0 spear!
You die...

#)#c# #.#.#.# #....⌠⌠⌠. #.##.#
#D#.#.# #####.⌠.# #.#
#)#.#.#.# #[...#.#. #.##
#.#.#.# ########.⌠.#)#.
#..##.#.#.# ##..#..###..#.#.
##..##.#.# ##..#.#..###)#.#.
##..###'# ##..#####..####'##
##...#...###..###.#.#..##.).#
#....#..#c.#@###...###.#..#..
#....###)##D#c#[.#.)#.#'.###.
##...#..#†)#.###...###.#..#..
#....###...#..###.###..##...#
##...########..#####..#######
#..........##†.#.#..##......
##........#..##..#..##...#.#.
##.........#...#######........
#...........<..............[..


You could see an eight-headed hydra and a centaur warrior.

Vanquished Creatures
  2 two-headed ogres (D:8)
  Maggie (D:6)
  2 kobold demonologists (D:7)
  A hornet (D:7)
  A yak (D:8)
  2 steam dragons
  An acid dragon (D:8)
  2 water moccasins
  4 orc warriors
  A black bear (D:6)
  2 ice beasts
  2 sky beasts
  2 ogres
  A centaur (D:6)
  4 kobold brigands
  3 bullfrogs
  3 scorpions
  4 wights
  4 howler monkeys (D:8)
  A jelly (D:6)
  An electric eel (D:6)
  6 hounds
  3 gnoll boudas
  8 orc priests
  4 orc wizards
  A sleepcap (D:4)
  5 iguanas
  15 gnolls
  4 adders
  3 shadow imps
  2 white imps (D:7)
  2 worms (D:2)
  A dart slug (D:3)
  31 orcs
  9 ball pythons
  7 endoplasms
  2 giant cockroaches
  2 goblins
  11 hobgoblins
  20 kobolds
  4 quokkas
  9 bats
  2 frilled lizards (D:3)
  5 rats
200 creatures vanquished.

Notes
Turn   | Place    | Note
-------+----------+-------------------------------------------
     0 | D:1      | Dordric the Troll Monk began the quest for the Orb.
     0 | D:1      | Reached XP level 1. HP: 22/22 MP: 0/0
   199 | D:1      | Reached XP level 2. HP: 29/29 MP: 1/1
   319 | D:1      | Got the Cyclopedia of Doomed Anthracomancy
   952 | D:2      | Reached skill level 4 in Unarmed Combat
  1078 | D:2      | Reached XP level 3. HP: 36/36 MP: 2/2
  1561 | D:3      | Reached XP level 4. HP: 27/44 MP: 3/3
  1567 | D:3      | Reached skill level 5 in Unarmed Combat
  1774 | D:3      | Found a glowing silver altar of Zin.
  1774 | D:3      | Noticed an angel
  1840 | D:3      | Reached XP level 5. HP: 24/50 MP: 4/4
  1890 | D:3      | Found a radiant altar of Vehumet.
  2259 | D:4      | Reached skill level 6 in Unarmed Combat
  2300 | D:4      | Found a shadowy altar of Dithmenos.
  2300 | D:4      | Found a sacrificial altar of Ru.
  2324 | D:4      | Found a stormy altar of Qazlal.
  2327 | D:4      | Noticed an air elemental
  2328 | D:4      | Noticed a fire elemental
  2328 | D:4      | Noticed a water elemental
  2508 | D:4      | Reached XP level 6. HP: 50/59 MP: 5/5
  2524 | D:4      | Reached skill level 7 in Unarmed Combat
  2527 | D:4      | Found a broken altar of Ashenzari.
  2726 | D:4      | Found a burning altar of Makhleb.
  2733 | D:4      | Reached skill level 8 in Unarmed Combat
  2733 | D:4      | Reached XP level 7. HP: 66/66 MP: 6/6
  2743 | D:4      | Became a worshipper of Makhleb the Destroyer
  2743 | D:4      | Reached * piety under Makhleb
  2743 | D:4      | Reached ** piety under Makhleb
  2931 | D:5      | Entered Level 5 of the Dungeon
  3071 | D:4      | Reached skill level 9 in Unarmed Combat
  3276 | D:5      | Found a basalt altar of Yredelemnul.
  3507 | D:6      | Noticed a steam dragon
  3523 | D:6      | Killed a steam dragon
  3524 | D:6      | Reached XP level 8. HP: 74/74 MP: 7/7
  3725 | D:6      | Reached skill level 10 in Unarmed Combat
  3787 | D:6      | Noticed Maggie
  3880 | D:6      | Found a glowing golden altar of the Shining One.
  3994 | D:6      | Reached skill level 11 in Unarmed Combat
  4027 | D:6      | Killed Maggie
  4028 | D:6      | Reached skill level 12 in Unarmed Combat
  4084 | D:6      | Reached XP level 9. HP: 77/80 MP: 8/8
  4332 | D:6      | Found a staircase to the Ecumenical Temple.
  4487 | D:7      | Noticed a kobold demonologist
  4512 | D:7      | Killed a kobold demonologist
  4521 | D:7      | Reached *** piety under Makhleb
  4586 | D:7      | Noticed a kobold demonologist
  4596 | D:7      | Killed a kobold demonologist
  4597 | D:7      | Reached skill level 13 in Unarmed Combat
  4739 | D:7      | Paralysed by a hornet for 3 turns
  4828 | D:7      | Reached skill level 14 in Unarmed Combat
  5044 | D:7      | Identified the +3 leather armour "Wufepp" {Slay+2}
  5139 | D:8      | Found Joul's Book Emporium.
  5280 | D:7      | Identified 2 scrolls of acquirement
  5280 | D:7      | Acquired the +0 hat of Seciog {rElec Stlth+}
  5287 | D:7      | Acquired the scarf of Card Tricks {rC+ rF+, +Inv Dex+4}
  5439 | D:8      | Reached **** piety under Makhleb
  5440 | D:8      | Reached XP level 10. HP: 69/88 MP: 9/9
  5714 | D:8      | Noticed a two-headed ogre
  5715 | D:8      | Noticed a two-headed ogre
  5724 | D:8      | Killed a two-headed ogre
  5725 | D:8      | Reached skill level 15 in Unarmed Combat
  5742 | D:8      | Killed a two-headed ogre
  5894 | D:8      | Reached skill level 16 in Unarmed Combat
  5904 | D:8      | Noticed a five-headed hydra
  5911 | D:8      | Noticed a centaur warrior
  5912 | D:8      | HP: 3/88 [centaur warrior/arrow (14)]
  5927 | D:8      | Slain by a centaur warrior

Illustrated notes

Levels and vault maps discovered:
D:1:      shiori_arrival_oz, layout_basic, serial_corexii_hall,
          chequers_hall_statues_wall_a, chequers_hall_statues_corner_a,
          minmay_misc_feat_x, minmay_shallow_snake_nest
D:2:      layout_basic, minmay_misc_feat_columns, dk_vineyard_3
D:3:      layout_basic, nicolae_vehumet_altar_sigil, zin_angel
D:4:      layout_loops_ring, nicolae_qazlal_style_of_elements,
          mainiacjoe_overflow_alcove_1, amethyst_overflow_temple_binary,
          ashenzari_conservatory_becter, grunt_ministairs_2
D:5:      layout_layer_cave, mainiacjoe_overflow_boulevard
D:6:      layout_basic, kennysheep_little_box, temple_green,
          serial_bayou_crossing, uniq_maggie
D:7:      layout_gridville
D:8:      minmay_the_grid_octo_tiled_squarecenter
          [minmay_the_grid_octo_fat_diamond, minmay_the_grid_octo_checkered,
          minmay_the_grid_octo_pinwheel, minmay_the_grid_octo_clover,
          minmay_the_grid_square_5x5_megaprize_checkered,
          minmay_the_grid_square_5x5_inner_z,
          minmay_the_grid_square_5x5_doubleslash,
          minmay_the_grid_square_5x5_shrine2,
          minmay_the_grid_square_5x5_six_small], layout_cave_pools,
          nicolae_gozag_cash_rules_everything_around_me, serial_shops,
          nicolae_shop_tiny_statue_garden

Skill      XL: |  1  2  3  4  5  6  7  8  9 10 |
---------------+-------------------------------+-----
Unarmed Combat | 4 5 6 8 9 12 14 16 | 16.0
Fighting       | |  2.4
Dodging        | |  2.4

Action                     |  1- 3 |  4- 6 |  7- 9 | 10-12 || total
---------------------------+-------+-------+-------+-------++-------
  Melee: Unarmed           |    79 |   121 |   220 |    88 ||   508
 Invoke: Major Destruction |       |       |       |     1 ||     1
    Use: Scroll            |       |       |    10 |     1 ||    11
         Potion            |       |       |       |     1 ||     1
 Armour: Robe              |    26 |    25 |    34 |       ||    85
         Steam dragon scal |       |       |    21 |    21 ||    42
  Dodge: Dodged            |    35 |    48 |   139 |    64 ||   286
